AoeStats
← dark_29

Black Forest

510621899Analyzed
2v2 RM · 1d ago on Oct 1, 2026· 72m 6s· 4 players
Game mode
Random Map
Map size
Medium (4 player)
Population
200
Speed
Normal
Resources
Standard
Victory
Conquest
Starting age
Dark Age
Ending age
Imperial Age
RankedLock teamsTeams togetherTeam positionsShared explorationLock speedFull tech treeHidden civsTurbo modeCheats
Victory
Defeat
🇨🇿 Vietnamese · Czechia
979
+17
🇫🇷 Persians · France
945
+18
🇦🇷 Bohemians · Argentina
1021
-19
🇦🇷 Khmer · Argentina
957
-16
MrPaul
0:52 Loom
10:47 Feudal Age
15:34 Castle Age
13:24 Double-Bit Axe
13:22 Horse Collar
16:22 Wheelbarrow
17:47 Bow Saw
22:25 Fletching
23:05 Bodkin Arrow
24:48 Hand Cart
26:44 Town Watch
26:53 Town Watch
27:13 Padded Archer Armor
27:21 Scale Barding Armor
30:03 Ballistics
29:40 Murder Holes
30:11 Leather Archer Armor
31:28 Pikeman
32:09 Squires
35:07 Imperial Age
32:59 Elite Skirmisher
34:24 Arson
35:44 Thumb Ring
35:51 Halberdier
36:33 Scale Mail Armor
36:24 Imperial Skirmisher
38:21 Bracer
38:59 Forging
39:39 Elite Rattan Archer
41:27 Capped Ram
42:58 Paper Money
43:14 Hoardings
46:18 Chemistry
45:24 Siege Engineers
45:31 Masonry
45:32 Fortified Wall
45:15 Guard Tower
48:57 Ring Archer Armor
49:03 Iron Casting
48:44 Chain Mail Armor
48:50 Chain Barding Armor
50:22 Crossbowman
61:39 Chatras
61:10 Sappers
62:21 Arbalester
64:35 Plate Barding Armor
66:26 Husbandry
66:37 Bloodlines
66:13 Elite Battle Elephant
69:55 Light Cavalry
dark_29
0:26 Loom
10:21 Feudal Age
11:03 Double-Bit Axe
11:03 Horse Collar
16:31 Gold Mining
19:13 Castle Age
17:52 Bloodlines
20:06 Husbandry
20:10 Heavy Plow
20:24 Bow Saw
21:05 Scale Barding Armor
26:18 Stone Mining
30:01 Imperial Age
29:53 Murder Holes
48:48 Crossbowman
54:20 Kamandaran
56:41 Fletching
56:52 Padded Archer Armor
57:21 Bodkin Arrow
58:25 Ballistics
59:06 Chemistry
58:34 Leather Archer Armor
60:23 Wheelbarrow
59:35 Town Watch
65:23 Ring Archer Armor
Martin_gc
11:43 Feudal Age
14:29 Castle Age
13:21 Double-Bit Axe
22:24 Pikeman
31:56 Bloodlines
33:23 Scale Barding Armor
33:29 Forging
42:58 Wheelbarrow
42:09 Loom
42:35 Bow Saw
42:07 Horse Collar
42:17 Gold Mining
45:50 Hand Cart
45:14 Light Cavalry
47:58 Fortified Wall
49:35 Husbandry
53:02 Imperial Age
52:02 Iron Casting
51:47 Chain Barding Armor
57:53 Hussar
NoScream
12:11 Feudal Age
16:53 Castle Age
14:45 Double-Bit Axe
15:23 Horse Collar
22:29 Chemistry
23:53 Wheelbarrow
24:08 Loom
32:59 Hand Cart
34:15 Elite Skirmisher
43:06 Imperial Age
41:13 Fletching
41:23 Scale Mail Armor
41:23 Padded Archer Armor
42:42 Bodkin Arrow
42:47 Padded Archer Armor
45:02 Ballistics
44:55 Padded Archer Armor
44:57 Bracer
47:30 Leather Archer Armor
47:51 Light Cavalry
49:14 Scale Barding Armor
55:48 Chain Barding Armor
55:39 Forging
57:49 Scale Mail Armor
58:24 Iron Casting
58:20 Ring Archer Armor
58:44 Iron Casting
59:02 Conscription
67:46 Cavalier
Connection lost

Rejoining the realm…

Still unreachable

The connection could not be restored.

Session expired

The server has moved on; the page needs a fresh start.